 Dungeon Crawl Stone Soup version 0.17.2-1-ge4368a0 (webtiles) character file.

573 Esperanza the Insei (level 7, -1/56 HPs)
             Began as a Mummy Monk on Mar 2, 2019.
             Slain by a gnoll (5 damage)
             ... on level 3 of the Dungeon.
             The game lasted 00:10:26 (8273 turns).

Esperanza the Insei (Mummy Monk)                    Turns: 8273, Time: 00:10:26

Health: -1/56      AC:  1    Str: 15    XL:     7   Next: 12%
Magic:  7/7        EV: 14    Int:  9    God:
Gold:   184        SH:  0    Dex: 16    Spells: 0 memorised, 6 levels left

rFire  x . .     SeeInvis .       - Unarmed
rCold  + . .     Clarity  .     (no armour)
rNeg   + + +     SustAt   .     (no shield)
rPois  ∞         Gourm    .     (no helmet)
rElec  .         Spirit   .     (no cloak)
rCorr  .         Warding  .     f - +0 pair of gloves
rMut   .         Stasis   .     (no boots)
MR     .....                    (no amulet)
Stlth  ++........               (no ring)
                                j - ring of invisibility (curse)

@: not resistant to hostile enchantments, unstealthy
A: no food or potions, fire vulnerability, cold resistance 1, negative energy
resistance 3, torment resistance, unbreathing
a: Evoke Invisibility


You were on level 3 of the Dungeon.
You were not hungry.

You visited 1 branch of the dungeon, and saw 4 of its levels.

You collected 184 gold pieces.


Innate Abilities, Weirdness & Mutations

You do not eat or drink.
Your flesh is vulnerable to fire.
You are immune to poison.
Your flesh is cold resistant.
You are immune to negative energy.
You are immune to unholy pain and torment.
You can survive without breathing.


   Skills:
 - Level 5.0 Fighting
 - Level 4.0 Dodging
 - Level 1.5 Stealth
 + Level 5.4 Unarmed Combat


You had 6 spell levels left.
You didn't know any spells.

Inventory:

Missiles
 m - 5 large rocks {Ruk}
Armour
 f - a +0 pair of gloves (worn)
Jewellery
 j - a cursed ring of invisibility (left hand)
 n - an uncursed amulet of clarity {unknown}
Scrolls
 a - 2 scrolls of magic mapping {unknown}
 b - 2 scrolls of identify {unknown}
 c - 2 scrolls of noise {unknown}
 d - a scroll of fear {unknown}
 e - a scroll of blinking {unknown}
 g - a scroll of recharging {unknown}
 h - 4 scrolls of remove curse {unknown}
 i - a scroll of teleportation {unknown}
 k - a scroll of fog {unknown}
 l - a scroll of immolation {unknown}

Dungeon Overview and Level Annotations

Branches:
Dungeon (4/15)
 Temple: D:4-7

Altars:
Fedhas
Makhleb
Okawaru
Trog
Xom

Annotations:
D:4 exclusion: orc priest

▒.▒▒▒▒▒▒▒▒▒▒▒▒▒
▒.............▒
▒.▒▒▒▒▒▒▒▒▒▒▒.▒
▒▒▒▒▒▒▒▒▒.▒ ▒.▒
.......▒▒.▒ ▒.▒
▒▒▒▒▒▒.▒▒.▒ ▒.▒
.....▒.▒▒.▒▒▒▒▒▒▒▒▒▒▒.▒
...................>▒.▒
..▒▒.▒.▒▒▒▒▒▒▒▒.Mg)▒▒.▒
▒....▒.▒▒▒▒▒▒ ▒▒...▒▒.▒
▒▒▒.........▒ ▒....▒▒▒
▒.........▒ ▒▒....▒▒
▒▒▒.........▒ ▒▒▒.%.▒▒
.▒▒.........▒ ▒▒▒..▒▒
............▒ ▒▒▒▒▒..▒
.▒▒.........▒ ▒▒..▒..▒▒
▒▒▒.........▒ ▒▒.%...▒▒


You could see a gnoll.


Message History

The gnoll shaman is severely wounded!
You pulverise the gnoll shaman!
The gnoll shaman is almost dead!
The gnoll barely misses you! The gnoll shaman barely misses you!
You closely miss the gnoll shaman!
The gnoll shaman is almost dead!
The gnoll hits you!!! * * * don't die
* * * The gnoll shaman misses you!
You take 8 damage, and have 15/56 hp!
You closely miss the gnoll shaman!
The gnoll shaman is almost dead!
The gnoll closely misses you!
The gnoll shaman hits you with a falchion! * * * don't die
* * * You take 6 damage, and have 9/56 hp!
You barely miss the gnoll shaman!
The gnoll shaman is almost dead!
The gnoll barely misses you!
You pulverise the gnoll shaman!
You annihilate the gnoll shaman!!!
The gnoll hits you! * * * don't die
* * * You take 6 damage, and have 3/56 hp!
You swing at nothing!
The gnoll misses you! The gnoll closely misses you!
Things that are here:
a falchion; a leather armour; 8 gold pieces The gnoll hits you! rip

Action                   |  1- 3 |  4- 6 |  7- 9 || total
-------------------------+-------+-------+-------++-------
Melee: Unarmed           |   146 |   364 |    32 ||   542
 Stab: Sleeping          |     2 |     6 |       ||     8

Vault maps used:
D:1:      sevenhm_arrival_forest_fort_large_3, solitary_fountain
D:2:      overflow_temple_1_default
D:3:      gammafunk_temple_overflow_claw, makhleb_blood_cavern_becter,
          first_bread, kennysheep_generic_room_6
D:4:      lemuel_doored_altar, lemuel_altar_in_water2

Notes
Turn   | Place    | Note
--------------------------------------------------------------
     0 | D:1      | Esperanza the Mummy Monk began the quest for the Orb.
     0 | D:1      | Reached XP level 1. HP: 18/18 MP: 1/1
   495 | D:1      | Reached XP level 2. HP: 24/24 MP: 2/2
  1037 | D:1      | Reached skill level 4 in Unarmed Combat
  1254 | D:2      | Found a bloodstained altar of Trog.
  1344 | D:2      | Reached XP level 3. HP: 20/29 MP: 3/3
  1749 | D:2      | HP: 2/29 [worm (8)]
  2681 | D:2      | Reached XP level 4. HP: 26/35 MP: 4/4
  3281 | D:2      | Reached skill level 5 in Unarmed Combat
  4091 | D:2      | Reached XP level 5. HP: 39/42 MP: 5/5
  4464 | D:2      | Reached skill level 4 in Fighting
  5468 | D:3      | Found a burning altar of Makhleb.
  5473 | D:3      | Reached skill level 5 in Fighting
  5473 | D:3      | Reached XP level 6. HP: 47/51 MP: 6/6
  5793 | D:3      | Found a blossoming altar of Fedhas.
  5793 | D:3      | Found an iron altar of Okawaru.
  5793 | D:3      | Found a shimmering altar of Xom.
  6167 | D:3      | Reached skill level 3 in Dodging
  7407 | D:3      | Reached skill level 4 in Dodging
  7869 | D:3      | Reached XP level 7. HP: 53/56 MP: 7/7
  8269 | D:3      | HP: 3/56 [gnoll (6)]
  8273 | D:3      | Slain by a gnoll

Vanquished Creatures
  4 orc wizards
  A hound (D:3)
  A giant frog skeleton (D:4)
  A gnoll shaman (D:3)
  2 orc priests
  2 worker ants (D:4)
  A worker ant zombie (D:3)
  8 adders
  5 gnolls
  An ooze (D:2)
  An adder skeleton (D:4)
  5 worms (D:2)
  A giant gecko (D:1)
  17 orcs
  14 bats
  4 giant cockroaches
  8 hobgoblins
  12 jackals
  5 kobolds
  A ball python (D:1)
  A giant newt (D:2)
  12 goblins
  7 rats
114 creatures vanquished.
